 Dungeon Crawl Stone Soup version 0.25-a0-420-g1cc7eeb0d1 (webtiles) character file.

Game seed: 1392554737800682156, levelgen mode: deterministic

124 BeastOfSaturn the Stinger (level 4, -1/31 HPs)
             Began as a Demonspawn Venom Mage on Jan 19, 2020.
             Slain by a gnoll
             ... wielding a +0 flail
              (7 damage)
             ... on level 2 of the Dungeon.
             The game lasted 00:16:51 (3531 turns).

BeastOfSaturn the Stinger (Demonspawn Venom Mage)   Turns: 3531, Time: 00:16:52

Health: -1/31      AC:  4    Str:  9    XL:     4   Next: 81%
Magic:  8/8        EV: 12    Int: 17    God:
Gold:   145        SH:  0    Dex: 13    Spells: 2/8 levels left

rFire    . . .     SeeInvis .   d - -3 whip (curse)
rCold    . . .     Gourm    .   (no shield)
rNeg     . . .     Faith    .   a - +0 robe
rPois    .         Spirit   .   (no helmet)
rElec    .         Reflect  .   (no cloak)
rCorr    .         Harm     .   (no gloves)
MR       .....                  (no boots)
Stlth    ++........             (no amulet)
HPRegen  0.10/turn              (no ring)
MPRegen  0.11/turn              (no ring)

@: no status effects
A: hooves 1, icy blue scales 1
a: no special abilities


You were on level 2 of the Dungeon.
You were not hungry.

You visited 1 branch of the dungeon, and saw 3 of its levels.

You collected 145 gold pieces.

Inventory:

Hand Weapons
 d - a cursed -3 whip (weapon)
 h - a +4 dagger
 j - a +0 hunting sling
 o - a +2 dagger of distortion
Missiles
 b - 7 silver boomerangs (quivered)
Armour
 a - a +0 robe (worn)
 l - a +0 chain mail
Scrolls
 e - 5 scrolls of identify
 f - a scroll of immolation
 m - a scroll of enchant weapon {unknown}
Potions
 g - 2 potions of ambrosia {unknown}
 i - a potion of brilliance {unknown}
 k - 2 potions of curing {unknown}
 n - a potion of mutation {unknown}
 p - a potion of berserk rage {unknown}
Comestibles
 c - 3 rations
 q - 2 chunks of flesh


   Skills:
 + Level 0.7 Fighting
 + Level 1.1 Maces & Flails
 * Level 0.5 Armour
 + Level 2.0 Dodging
 + Level 2.1 Stealth
 + Level 2.8 Spellcasting
 + Level 1.2 Transmutations
 + Level 0.9 Air Magic
 + Level 3.8 Poison Magic


You had 2 spell levels left.
You knew the following spells:

 Your Spells              Type           Power        Failure   Level  Hunger
a - Sting                 Tmut/Pois      ##..         6%          1    #......
b - Mephitic Cloud        Conj/Pois/Air  #.......     28%         3    ###....
c - Poisonous Vapours     Pois/Air       ##....       10%         2    ##.....

Your spell library contained the following spells:

 Spells                   Type           Power        Failure   Level  Hunger
 Ignite Poison            Fire/Tmut/Pois #.......     26%         3    ###....
 Olgreb's Toxic Radiance  Pois           ###.....     36%         4    #####..


Dungeon Overview and Level Annotations

Branches:
Dungeon (3/15)

Altars:
Makhleb
Nemelex Xobeh
Ru
Trog
Uskayaw
Xom


Innate Abilities, Weirdness & Mutations

You have large cloven feet.
You are partially covered in icy blue scales. (AC +2)


Message History

Eat one of 3 chunks of flesh? (ye/n/q)
You eat one of the 3 chunks of flesh.
This raw flesh tastes terrible.
You aren't quite hungry enough to eat that!
You can't memorise that many levels of magic yet!
Things that are here:
a +0 dagger; a goblin corpse
There is a stone staircase leading down here.
You climb downwards.
A gnoll comes into view. It is wielding a +0 flail.
The gnoll shouts!
The gnoll misses you. The gnoll hits you with a +0 spear!
The gnoll hits you but does no damage.
There is a stone staircase leading up, spattered with blood here.
The gnoll hits you with a +0 spear. The gnoll hits you with a +0 flail.
The gnoll hits you from afar with a +0 spear!
* * * LOW HITPOINT WARNING * * *
You climb upwards.
There is a stone staircase leading down here.
The gnoll barely misses you. The gnoll hits you with a +0 flail!
You die...

#...#######.##### ####### #...#
### #...... ......#
#...#######.####. #.###.#
#...'.._..'.####. #.###.#####
#...###.###......
..........#########.# #.# #....#.
#.###.###.......g...###'###..###.
#.....# ########>g...............
..##### #@#.###.#####.#### #.#
#)#)###.# ##.## #.# #.#..##.#
#...# ..# ##### #.##.##.# #...#
######...##### #.......# #...###
..#..........# ####÷#######...≈≈≈
#........_.#.# ####.###.......≈##
##........(..# #..............##≈
###....⌠.....###.##)###<......#⌠≈


You could see 2 gnolls.

Vanquished Creatures
  Robin (D:2)
  3 gnolls
  An adder (D:2)
  2 worms (D:2)
  2 dart slugs (D:1)
  A leopard gecko (D:2)
  4 bats
  4 giant cockroaches
  21 goblins
  5 hobgoblins
  2 jackals (D:1)
  A quokka (D:2)
  A ball python (D:1)
  4 frilled lizards
  5 kobolds
  6 rats
63 creatures vanquished.

Notes
Turn   | Place    | Note
-------+----------+-------------------------------------------
     0 | D:1      | BeastOfSaturn the Demonspawn Venom Mage began the quest for
                  | the Orb.
     0 | D:1      | Reached XP level 1. HP: 13/13 MP: 3/3
    93 | D:1      | Reached skill level 1 in Transmutations
   133 | D:1      | Gained mutation: You are partially covered in icy blue
                  | scales. (AC +2) [demonic ancestry]
   133 | D:1      | Reached XP level 2. HP: 3/19 MP: 1/5
  1000 | D:1      | Found a sacrificial altar of Ru.
  1125 | D:1      | Gained mutation: You have large cloven feet. [demonic
                  | ancestry]
  1125 | D:1      | Reached XP level 3. HP: 24/24 MP: 1/6
  1214 | D:1      | Learned a level 3 spell: Mephitic Cloud
  1217 | D:1      | Learned a level 2 spell: Poisonous Vapours
  1628 | D:2      | Found a shimmering altar of Xom.
  1644 | D:2      | Found a burning altar of Makhleb.
  1998 | D:2      | Reached XP level 4. HP: 27/31 MP: 4/7
  2050 | D:2      | Found a sparkling altar of Nemelex Xobeh.
  2614 | D:2      | Noticed a +0 dagger
  2615 | D:2      | Found a hide-covered altar of Uskayaw.
  2615 | D:2      | Noticed a -1 hand axe
  2816 | D:2      | Noticed Robin
  2843 | D:2      | Killed Robin
  2843 | D:2      | Reached skill level 1 in Maces & Flails
  3059 | D:2      | Found a bloodstained altar of Trog.
  3531 | D:2      | Slain by a gnoll

Levels and vault maps discovered:
D:1:      minmay_arrival_loop, layout_loops_ring, kennysheep_flooded_box
D:2:      layout_loops_cross, grunt_temple_overflow_open,
          dancing_weapons_uskayaw, lightli_temple_of_fire, lemuel_doored_altar,
          chequers_serial_rivers_micro_e, uniq_robin
D:3:      layout_rooms, nicolae_overflow_hidden_temple, lemuel_crystal_altar,
          chequers_serial_rivers_large_a

Skill      XL: |  1  2  3  4 |
---------------+-------------+-----
Stealth        | 2 |  2.1
Transmutations | 1 |  1.2
Dodging        | 2 |  2.0
Maces & Flails | 1 |  1.1
Fighting       | |  0.7
Armour         | |  0.5
Spellcasting   | |  2.8
Air Magic      | |  0.9
Poison Magic   | |  3.8

Action                   |  1- 3 |  4- 6 || total
-------------------------+-------+-------++-------
Melee: Whip              |    33 |    37 ||    70
       Kick              |     4 |     7 ||    11
 Cast: Sting             |    37 |    10 ||    47
       Poisonous Vapours |     9 |    25 ||    34
       Mephitic Cloud    |       |     1 ||     1
  Use: Scroll            |     1 |       ||     1
  Eat: Ration            |     2 |     1 ||     3
       Chunk             |       |     1 ||     1
Armor: Robe              |    14 |     6 ||    20
Dodge: Dodged            |    38 |    35 ||    73

Table legend:
 A = Non-vault XP
 B = Vault XP
 C = Vault XP percentage of total XP
 D = Non-vault monster count
 E = Vault monster count
 F = Vault count percentage of total count
                 A         B        C        D         E       F
            +---------+---------+-------+---------+---------+-------
      Total |     146 |      32 |  18.0 |      52 |      11 |  17.5
            +---------+---------+-------+---------+---------+-------
        D:1 |      64 |       0 |   0.0 |      29 |       0 |   0.0
        D:2 |      82 |      32 |  28.1 |      23 |      11 |  32.4
            +---------+---------+-------+---------+---------+-------
